Map: Eternal Empire LE

Players

LiquidClem (Clem) - Winner!

  • Race: Terran Terran
  • League: Grandmaster
  • Spawn Location: 1:00

ShoWTimE

  • Race: Protoss Protoss
  • League: Grandmaster
  • Spawn Location: 7:00

Event: DreamHack SC2 Masters 2020 Fall

VOD

Have the link to the VOD?

Description

Time

  • Played on: Sept. 8, 2020, 2:43 p.m.
  • Length: 17:23

All games in this series

Show
View Real Time Build Order
Export as new Build Order

LiquidClem Terran - Winner!

Build Orders: Reaper Expand 

Get SALT Encoding   

  12  0:00  SCV  
  13  0:12  SCV  
  14  0:17  Supply Depot  
  14  0:25  SCV  
  15  0:38  SCV  
  15  0:39  Barracks  
  16  0:43  Refinery  
  16  0:51  SCV  
  17  1:03  SCV  
  18  1:15  SCV  
  19  1:27  Reaper, Orbital Command  
  20  1:43  Command Center  
  20  1:51  Supply Depot  
  20  1:54  SCV  
  20  1:59  Marine  
  22  2:06  SCV  
  23  2:10  Factory  
  23  2:18  SCV  
  23  2:20  Barracks Reactor  
  24  2:23  Bunker  
  24  2:27  Refinery  
  24  2:31  SCV  
  25  2:43  SCV  
  26  2:53  Command Center  
  26  2:56  SCV  
  27  3:03  Orbital Command  
  27  3:08  SCV, Marine  
  27  3:10  Marine  
  30  3:13  Factory Tech Lab  
  30  3:20  SCV  
  31  3:30  SCV  
  31  3:32  Cyclone, Marine x2  
  31  3:33  SCV  
  38  3:42  SCV  
  38  3:45  SCV, Barracks x2  
  40  3:53  Marine x2  
  40  3:55  SCV  
  43  3:57  SCV  
  44  4:05  Orbital Command  
  44  4:07  SCV  
  47  4:11  Marine x2  
  47  4:12  SCV  
  47  4:15  Refinery  
  47  4:17  Refinery, Factory Tech Lab  
  47  4:19  SCV  
  48  4:28  SCV  
  48  4:29  Marine x2  
  48  4:31  SCV x2, Engineering Bay  
  51  4:32  Engineering Bay  
  53  4:40  SCV  
  53  4:41  Stimpack  
  53  4:42  Marauder x2  
  53  4:43  SCV  
  53  4:44  SCV  
  60  4:47  Marine  
  60  4:49  Combat Shield  
  61  4:58  Supply Depot  
  61  5:00  SCV, Starport, Marine  
  61  5:01  SCV  
  61  5:03  Factory Reactor  
  64  5:07  Marauder  
  64  5:08  Refinery  
  64  5:09  Marauder  
  64  5:10  Marine  
  69  5:19  SCV x3  
  69  5:20  Supply Depot x2  
  72  5:23  Terran Infantry Weapons Level 1  
  72  5:24  Orbital Command  
  72  5:28  Marine x2  
  72  5:31  SCV x2  
  76  5:36  Terran Infantry Armor Level 1  
  76  5:42  Marauder x2  
  79  5:43  Supply Depot  
  79  5:44  SCV x2  
  79  5:47  Marine  
  79  5:51  SCV  
  79  5:52  Marine  
  79  5:56  SCV x2  
  83  6:01  Medivac x2, Supply Depot  
  83  6:02  Factory Reactor  
  83  6:03  SCV  
  88  6:05  Marine  
  88  6:07  Supply Depot  
  88  6:08  SCV x2  
  88  6:09  Marauder  
  88  6:10  Marine  
  88  6:11  Marauder  
  96  6:13  Concussive Shells  
  96  6:17  Barracks  
  96  6:19  SCV  
  96  6:20  Barracks  
  96  6:23  SCV x2, Supply Depot  
  99  6:25  Marine  
  99  6:28  Supply Depot  
  99  6:29  Supply Depot  
  99  6:32  Marauder  
  102  6:33  Medivac  
  102  6:34  Medivac  
  102  6:39  Marauder  
  107  6:40  SCV  
  107  6:41  Marine  
  107  6:44  Supply Depot, Widow Mine x2  
  107  6:45  Marine  
  113  6:49  SCV  
  113  6:51  Refinery  
  113  6:53  Marauder  
  116  6:58  SCV, Supply Depot, Marine  
  116  6:59  SCV  
  116  7:00  Marauder  
  118  7:02  SCV, Marine  
  118  7:06  Medivac x2  
  124  7:09  Barracks Reactor  
  124  7:10  SCV, Supply Depot  
  124  7:11  SCV  
  124  7:15  Marauder  
  128  7:18  Refinery  
  128  7:19  Marine  
  129  7:25  Widow Mine x2  
  129  7:27  Marine  
  129  7:28  Marauder  
  129  7:29  Supply Depot  
  136  7:31  Missile Turret  
  136  7:32  Armory  
  136  7:41  Command Center  
  136  7:42  SCV  
  136  7:43  SCV  
  138  7:47  Barracks Tech Lab  
  138  7:49  Starport, Marine x2  
  140  7:54  Viking x2  
  140  7:57  SCV  
  140  7:58  Marine x2  
  142  8:03  Marauder  
  142  8:04  SCV  
  142  8:05  Ghost Academy  
  144  8:09  Marauder x2, Marine  
  144  8:10  Supply Depot, Marine  
  150  8:15  Marine  
  150  8:19  Terran Infantry Armor Level 2, Terran Infantry Weapons Level 2  
  151  8:24  Supply Depot  
  151  8:27  Missile Turret x2  
  151  8:28  Viking  
  151  8:33  Viking  
  155  8:37  SCV x3  
  155  8:40  Terran Ship Weapons Level 1  
  158  8:42  Viking x2  
  162  8:49  SCV  
  162  8:54  Ghost x2  
  162  8:55  Marine x3  
  169  8:56  Unknown, Marine  
  169  8:59  Viking  
  173  9:03  Ghost  
  173  9:06  SCV  
  173  9:07  SCV x2  
  173  9:09  Missile Turret  
  178  9:13  Viking  
  178  9:15  Viking  
  182  9:18  Marine x2  
  182  9:19  Marine x2  
  182  9:20  SCV x2  
  182  9:21  SCV  
  190  9:24  Planetary Fortress  
  190  9:27  Supply Depot, Ghost  
  191  9:32  SCV  
  191  9:36  Ghost  
  194  9:39  Marine x2  
  194  9:41  Ghost  
  194  9:44  Marine  
  193  9:47  Marine  
  193  9:50  SCV  
  192  9:55  Ghost  
  192  9:57  Viking  
  192  9:59  Enhanced Shockwaves, Command Center  
  196  10:05  Marauder  
  192  10:09  Marine x4  
  192  10:10  Marauder  
  192  10:11  SCV  
  199  10:22  Barracks  
  199  10:23  Barracks  
  199  10:24  Barracks  
  199  10:26  Marine  
  199  10:28  Sensor Tower  
  198  10:31  Sensor Tower  
  198  10:36  Command Center  
  198  10:40  Terran Ship Weapons Level 2  
  198  10:41  Terran Infantry Weapons Level 3  
  198  10:43  Fusion Core  
  198  10:47  Marauder  
  196  10:57  Marauder  
  196  10:58  Marauder  
  196  11:01  Marine x3  
  192  11:05  Marine  
  192  11:08  Viking x2, Ghost  
  192  11:09  Medivac  
  192  11:10  Barracks Tech Lab  
  192  11:11  Barracks Tech Lab  
  190  11:15  Command Center  
  190  11:17  Ghost  
  190  11:18  Ghost  
  192  11:19  Viking  
  196  11:27  Marine  
  196  11:31  Terran Infantry Armor Level 3  
  196  11:32  Marine x2  
  198  11:37  Marauder  
  193  11:47  Marauder x3  
  193  11:49  Marauder  
  193  11:53  Liberator  
  193  11:54  Marine x5  
  174  11:59  Marauder, Liberator  
  174  12:01  Liberator  
  174  12:07  Ghost  
  170  12:09  Marauder x2  
  170  12:10  Marauder  
  170  12:11  Marine  
  170  12:12  Marine  
  170  12:13  Marine x2  
  170  12:14  Planetary Fortress, Refinery  
  180  12:18  Marine  
  180  12:20  Marauder  
  180  12:21  Orbital Command  
  182  12:25  Medivac  
  182  12:29  Marine  
  182  12:30  Marauder  
  182  12:34  Marine x2  
  182  12:36  Medivac, Marine x2  
  180  12:37  Marauder  
  180  12:38  Marauder  
  180  12:39  Marauder  
  180  12:42  Missile Turret  
  180  12:43  Marauder  
  188  12:46  Liberator x2  
  188  12:51  Marauder, Marine x3  
  195  12:55  Barracks Tech Lab  
  199  12:59  Marine  
  199  13:00  Refinery  
  199  13:04  Command Center  
  200  13:09  Marine x2  
  193  13:21  Ghost, Marauder  
  193  13:25  Marine  
  197  13:28  Marauder x2, Marine  
  197  13:29  Marine  
  197  13:31  Liberator x2  
  197  13:32  Advanced Ballistics  
  189  13:35  Terran Ship Weapons Level 3  
  189  13:36  Marauder, Liberator x2  
  189  13:39  Marine  
  193  13:44  Marauder x2  
  193  13:47  Command Center  
  193  13:48  Command Center  
  197  13:49  Marauder  
  197  13:53  Marine  
  197  13:54  Marine x3  
  197  13:55  Marauder  
  198  13:57  Marauder  
  200  14:11  Neosteel Armor  
  200  14:13  Personal Cloaking  
  200  14:21  Missile Turret, Command Center  
  200  14:22  Marauder  
  200  14:23  Marine, Liberator x2  
  200  14:30  Liberator  
  200  14:31  Marauder  
  191  14:35  Marauder x2, Marine x3  
  191  14:38  Marine, Liberator  
  187  14:42  Marauder  
  187  14:43  Marauder  
  190  14:54  Marauder  
  190  14:55  SCV  
  187  15:05  Marauder  
  187  15:06  Planetary Fortress, Liberator  
  192  15:11  SCV, Missile Turret  
  192  15:12  SCV x2  
  195  15:15  Marauder x2  
  193  15:22  Liberator  
  193  15:25  Marauder x2, Marine, Liberator  
  193  15:26  Marine  
  194  15:34  Marauder x2, Marine  
  188  15:44  SCV x2  
  188  15:45  SCV  
  188  15:46  SCV  
  188  15:47  SCV  
  193  15:50  SCV  
  193  15:56  SCV, Missile Turret  
  192  16:00  Liberator  
  192  16:06  Marauder  
  187  16:13  Marauder  
  187  16:14  Planetary Fortress  
  186  16:21  SCV x2  
  186  16:22  SCV x2  
  190  16:28  Liberator  
  190  16:31  Marauder  
  190  16:32  Marauder  
  194  16:36  SCV x2  
  194  16:37  SCV, Marine  
  196  16:45  Marauder  
  198  16:50  Marauder, Marine  
  198  16:54  Marauder, Marine x2  
  195  16:55  SCV  
  195  17:00  SCV  
  199  17:04  Marine  
  199  17:05  Marine  
Show
View Real Time Build Order
Export as new Build Order

ShoWTimE Protoss 

Build Orders: 1 Gate Expand, Blink Stalkers, Zealot Archon, Colossus Rush 

Get SALT Encoding   

  12  0:00  Probe  
  13  0:12  Probe  
  14  0:17  Pylon  
  14  0:24  Probe (Chrono Boost)  
  15  0:36  Probe (Chrono Boost)  
  15  0:37  Gateway  
  16  0:44  Probe (Chrono Boost)  
  16  0:46  Assimilator  
  17  0:51  Probe  
  18  1:03  Probe  
  19  1:15  Probe  
  20  1:24  Cybernetics Core  
  20  1:33  Nexus  
  20  1:36  Probe  
  21  1:43  Pylon  
  21  1:48  Probe  
  21  1:50  Assimilator  
  22  1:58  Adept (Chrono Boost)  
  22  2:00  Probe  
  25  2:03  Warp Gate  
  25  2:12  Probe  
  26  2:18  Stalker (Chrono Boost)  
  28  2:24  Probe  
  29  2:35  Twilight Council  
  30  2:37  Probe (Chrono Boost)  
  30  2:45  Stalker  
  30  2:47  Probe (Chrono Boost)  
  34  2:54  Probe (Chrono Boost)  
  34  2:56  Probe (Chrono Boost)  
  35  3:01  Probe (Chrono Boost)  
  35  3:03  Probe  
  35  3:05  Gateway, Blink (Chrono Boost)  
  37  3:13  Probe  
  37  3:16  Probe  
  39  3:23  Pylon  
  39  3:25  Probe  
  40  3:28  Probe  
  40  3:31  Robotics Facility  
  41  3:37  Probe  
  41  3:40  Probe  
  43  3:50  Probe  
  43  3:52  Probe, Sentry  
  47  3:56  Nexus  
  47  3:59  Pylon  
  48  4:02  Probe  
  48  4:04  Probe, Phoenix  
  49  4:10  Pylon  
  49  4:14  Probe  
  49  4:16  Probe, Stalker  
  53  4:19  Observer  
  53  4:21  Stalker  
  53  4:22  Assimilator  
  56  4:27  Probe  
  57  4:37  Gateway x2  
  57  4:39  Stalker  
  57  4:40  Probe x2  
  61  4:46  Observer  
  61  4:52  Probe (Chrono Boost)  
  64  4:53  Assimilator  
  64  4:55  Probe (Chrono Boost)  
  64  5:04  Probe (Chrono Boost), Pylon  
  66  5:07  Robotics Bay  
  66  5:10  Probe x2 (Chrono Boost)  
  66  5:12  Probe (Chrono Boost)  
  68  5:18  Probe (Chrono Boost)  
  68  5:20  Probe (Chrono Boost)  
  71  5:21  Probe (Chrono Boost)  
  71  5:22  Assimilator, Forge  
  71  5:25  Probe (Chrono Boost), Sentry, Forge  
  71  5:26  Assimilator  
  71  5:27  Sentry  
  76  5:29  Probe (Chrono Boost)  
  76  5:35  Pylon  
  79  5:37  Probe (Chrono Boost)  
  79  5:39  Probe x2 (Chrono Boost)  
  80  5:43  Probe (Chrono Boost)  
  80  5:47  Probe  
  82  5:51  Colossus (Chrono Boost)  
  82  5:52  Probe  
  82  5:54  Pylon  
  82  5:56  Protoss Ground Armor Level 1 (Chrono Boost)  
  89  6:00  Phoenix  
  89  6:01  Probe x2  
  89  6:02  Gateway x2  
  91  6:08  Protoss Ground Weapons Level 1 (Chrono Boost)  
  91  6:09  Gateway  
  91  6:10  Gateway  
  91  6:11  Charge (Chrono Boost), Pylon  
  91  6:17  Shield Battery  
  91  6:19  Pylon  
  91  6:20  Probe  
  91  6:21  Probe  
  93  6:31  Extended Thermal Lance  
  93  6:32  Colossus (Chrono Boost)  
  93  6:39  Zealot x3  
  105  6:44  Observer  
  105  6:45  Pylon  
  105  6:50  Pylon  
  105  6:55  Templar Archives  
  103  7:01  Stalker  
  103  7:02  Zealot x4  
  103  7:05  Pylon  
  113  7:10  Colossus (Chrono Boost)  
  119  7:19  Nexus  
  119  7:22  Shield Battery  
  119  7:23  Zealot x2  
  119  7:27  Probe x2  
  119  7:28  Probe  
  126  7:32  Stalker x2  
  126  7:33  High Templar  
  126  7:34  High Templar  
  134  7:38  Archon  
  134  7:39  Probe, Pylon  
  134  7:41  Photon Cannon  
  135  7:45  High Templar x2  
  135  7:47  Stalker  
  135  7:49  Archon  
  141  7:51  Zealot  
  141  7:53  Probe x3  
  141  7:57  Protoss Ground Armor Level 2 (Chrono Boost)  
  146  8:02  Immortal (Chrono Boost)  
  146  8:04  Protoss Ground Weapons Level 2 (Chrono Boost)  
  146  8:05  Probe  
  151  8:09  Zealot x3  
  155  8:20  Zealot  
  155  8:23  Pylon  
  157  8:28  Pylon  
  157  8:34  High Templar  
  157  8:35  Zealot x3, High Templar  
  157  8:38  Warp Prism (Chrono Boost)  
  157  8:39  Archon  
  169  8:47  Photon Cannon, Gateway  
  169  8:48  Gateway  
  169  8:54  Zealot x3  
  175  8:55  High Templar  
  175  8:56  High Templar  
  175  9:00  Archon  
  175  9:02  Zealot  
  181  9:08  Photon Cannon  
  181  9:12  High Templar x2  
  181  9:14  Pylon  
  181  9:16  Stalker, Archon  
  187  9:19  Observer  
  187  9:22  Observer  
  188  9:28  Pylon  
  188  9:30  Dark Shrine, Robotics Facility  
  188  9:39  Stalker x3  
  182  9:49  Gateway  
  182  9:51  Zealot x7  
  182  9:52  Gateway  
  178  10:14  Disruptor (Chrono Boost)  
  179  10:22  Probe  
  179  10:23  Stalker x4  
  179  10:24  Stalker, Protoss Ground Armor Level 3 (Chrono Boost), Phoenix, Zealot x3  
  179  10:26  Nexus  
  179  10:27  Disruptor (Chrono Boost)  
  199  10:28  Pylon  
  199  10:32  Pylon  
  199  10:37  Protoss Ground Weapons Level 3 (Chrono Boost)  
  199  10:39  Gateway  
  199  10:40  Gateway  
  199  10:41  Pylon  
  198  10:56  Zealot  
  198  10:57  Zealot  
  200  11:00  Zealot x5  
  174  11:06  Zealot x5  
  174  11:07  Disruptor (Chrono Boost)  
  174  11:09  Disruptor (Chrono Boost)  
  176  11:24  Zealot x7  
  190  11:29  Probe x3  
  190  11:32  Unknown  
  193  11:39  Zealot x4  
  191  11:47  Zealot x5  
  191  11:53  Shadow Stride (Chrono Boost)  
  142  12:12  Zealot x6  
  142  12:13  Zealot x6  
  142  12:14  Disruptor (Chrono Boost)  
  167  12:22  Disruptor (Chrono Boost)  
  163  12:32  Probe x2  
  157  12:38  Stalker x6  
  157  12:39  Zealot x5  
  157  12:40  Disruptor (Chrono Boost)  
  178  12:47  Probe  
  178  12:48  Probe, Disruptor (Chrono Boost)  
  183  12:52  Photon Cannon  
  183  12:54  Photon Cannon  
  183  12:57  Shield Battery  
  183  13:06  Photon Cannon  
  183  13:08  Shield Battery, Disruptor  
  183  13:10  Stalker x4  
  184  13:13  Zealot x5  
  170  13:28  Zealot x5  
  170  13:29  Disruptor  
  161  13:35  Stalker x3  
  159  13:43  Stalker x2  
  159  13:45  Zealot  
  159  13:46  Zealot x3  
  155  13:50  Probe  
  144  13:59  Dark Templar x5  
  154  14:04  Dark Templar x2  
  154  14:09  Dark Templar x2  
  162  14:15  Dark Templar x2  
  166  14:23  Stalker x3  
  160  14:37  Stalker x6  
  168  14:49  Zealot x5  
  176  14:53  Stalker  
  176  14:54  Stalker  
  178  15:07  Dark Templar  
  178  15:14  Nexus  
  164  15:36  Stalker x7  
  164  15:39  Nexus  
  159  15:50  Stalker  
  159  15:51  Stalker x3  
  152  16:05  Stalker x2  
  149  16:15  Zealot x2  
  149  16:16  Zealot x5  
  151  16:37  Dark Templar  
  144  16:51  Zealot x5  
  125  17:08  Dark Templar  
  125  17:09  Zealot x7  
  125  17:13  Assimilator x2  

Tags
 
Add a new tag
Caveats
  • Supply blocks, unpowered buildings, or Contaminate may cause inaccurate times.
  • Supply counts are checked every 10 seconds.